 Dungeon Crawl Stone Soup version 0.23.2-40-g277498a001 (webtiles) character file.

Game seed: 4370673428425564236

66709 Exodus22XD the Eclecticist (level 14, -10/68 HPs)
             Began as a Deep Elf Wizard on Sept 15, 2019.
             Was a High Priest of Vehumet.
             Killed from afar by a spellforged servitor (18 damage)
             ... with an iron shot
             ... summoned by the player character
             ... on level 3 of the Spider Nest on Sept 16, 2019.
             The game lasted 03:33:59 (21571 turns).

Exodus22XD the Eclecticist (Deep Elf Wizard)       Turns: 21571, Time: 03:34:06

Health: -10/68     AC: 20    Str:  4    XL:     14   Next: 80%
Magic:  1/40       EV: 13    Int: 32    God:    Vehumet [*****.]
Gold:   1607       SH:  0    Dex: 13    Spells: 14/53 levels left

rFire    . . .     SeeInvis .   (no weapon)
rCold    + + .     Gourm    .   (no shield)
rNeg     . . .     Faith    .   t - +2 robe {MR+}
rPois    +         Spirit   .   D - +2 hat {Int+3}
rElec    .         Reflect  .   R - scarf {rC+ rF+}
rCorr    .         Harm     .   U - +2 pair of gloves
MR       +++..                  u - +2 pair of boots
Stlth    ++........             (no amulet)
HPRegen  0.21/turn              H - ring of Beauty {Ice rPois MR+}
MPRegen  0.27/turn              j - ring of Robustness {AC+8}

@: no status effects
A: no striking features
a: Renounce Religion


You were on level 3 of the Spider Nest.
You worshipped Vehumet.
Vehumet was extremely pleased with you.
You were not hungry.

You visited 4 branches of the dungeon, and saw 20 of its levels.
You also visited: Ice Cave.

You collected 1607 gold pieces.

Inventory:

Armour
 t - a +2 robe of magic resistance (worn)
 u - a +2 pair of boots (worn)
 D - a +2 hat of intelligence (worn)
 R - a scarf of resistance (worn)
 U - a +2 pair of gloves (worn)
Jewellery
 j - the ring of Robustness (right hand) {AC+8}
   (You found it on level 1 of the Spider Nest)

   [ring of protection]

   It affects your AC (+8).
 o - an uncursed ring of magical power
 s - an uncursed ring of stealth
 B - an uncursed ring of wizardry
 H - the ring of Beauty (left hand) {Ice rPois MR+}
   (You found it on level 10 of the Dungeon)

   [ring of ice]

   It enhances your ice magic.
   It makes you vulnerable to fire.
   It protects you from cold.
   It protects you from poison.
   It affects your resistance to hostile enchantments.
Wands
 a - a wand of flame (66)
 e - a wand of polymorph (14)
 n - a wand of acid (14)
 y - a wand of digging (1)
 C - a wand of random effects (41)
 L - a wand of paralysis (18)
 N - a wand of scattershot (4)
 T - a wand of disintegration (8)
Scrolls
 g - 4 scrolls of enchant weapon
 k - 5 scrolls of immolation
 r - a scroll of fog
 v - 14 scrolls of remove curse
 w - 4 scrolls of teleportation
 G - a scroll of vulnerability
 K - 2 scrolls of magic mapping
 M - a scroll of summoning
 P - 3 scrolls of holy word
 S - a scroll of brand weapon {unknown}
Potions
 b - 6 potions of flight
 h - 2 potions of might
 i - a potion of ambrosia
 l - 3 potions of haste
 m - 2 potions of resistance
 p - 7 potions of mutation
 x - 2 potions of agility
 z - a potion of brilliance {unknown}
 A - a potion of berserk rage {unknown}
 I - 2 potions of lignification {unknown}
 Q - a potion of invisibility {unknown}
Comestibles
 c - 4 chunks of flesh
 d - 30 rations


   Skills:
   Level 0.1 Axes
 - Level 2.4 Dodging
 - Level 2.4 Stealth
 * Level 20.0 Spellcasting
 - Level 16.5 Conjurations
 - Level 6.1 Charms
 - Level 10.0 Summonings
 - Level 1.1 Translocations
 - Level 6.9 Fire Magic
 - Level 6.4 Air Magic


You had 14 spell levels left.
You knew the following spells:

 Your Spells              Type           Power        Failure   Level  Hunger
a - Magic Dart            Conj           ####         0%          1    None
b - Summon Lightning Spi  Summ/Air       ######..     1%          4    None
c - Blink                 Tloc           N/A          1%          2    None
d - Conjure Flame         Conj/Fire      #######.     1%          3    None
e - Freezing Cloud        Conj/Ice/Air   #######...   2%          6    None
f - Iskenderun's Battles  Conj/Chrm      #######.     1%          5    None
g - Spellforged Servitor  Conj/Summ      #######...   1%          7    ##.....
h - Iron Shot             Conj/Erth      ######....   1%          6    None
i - Fireball              Conj/Fire      #######...   1%          5    None

Your spell library contained the following spells:

 Spells                   Type           Power        Failure   Level  Hunger
 Bolt of Draining         Conj/Necr      ######....   1%          5    None
 Summon Small Mammal      Summ           ####         1%          1    None
 Call Imp                 Summ           #######.     1%          2    None
 Poisonous Vapours        Pois/Air       ######       1%          2    None
 Slow                     Hex            ####....     1%          2    None
 Call Canine Familiar     Summ           #######.     1%          3    None
 Mephitic Cloud           Conj/Pois/Air  ######..     1%          3    None
 Summon Guardian Golem    Hex/Summ       ######..     1%          3    None
 Summon Ice Beast         Ice/Summ       #######.     1%          4    None
 Bolt of Magma            Conj/Fire/Erth ######....   1%          5    None
 Venom Bolt               Conj/Pois      ######....   1%          5    None
 Orb of Destruction       Conj           #######...   1%          7    ##.....
 Ring of Flames           Chrm/Fire      ######....   54%         7    ##.....


Dungeon Overview and Level Annotations

Branches:
Dungeon (10/15)            Temple (1/1) D:6            Lair (6/6) D:10
  Swamp (0/4) Lair:2       Spider (3/4) Lair:2        Slime (0/5) Lair:5
    Orc (0/2) D:10

Altars:
Ashenzari
Cheibriados
Dithmenos
Elyvilon
Fedhas
Gozag
Nemelex Xobeh
Okawaru
Qazlal
Ru
Sif Muna
Trog
Uskayaw
Vehumet
Yredelemnul
Zin
The Shining One

Shops:
D:4 (

Annotations:
Lair:2 2 transporters, OrcJesus's ghost, journeyman DsFi
Lair:3 3 runed translucent doors
Spider:3 Arachne


Message History

Aim: a worker ant The magic dart hits the worker ant.
The worker ant is lightly wounded.
The worker ant bites you but does no damage.
The worker ant bites you.
* * * LOW HITPOINT WARNING * * *
Press: ? - help, v - describe, . - travel
Here: a worker ant (lightly wounded)
The floor.
Unknown command.
Press: ? - help, v - describe, . - travel
Here: a worker ant (lightly wounded)
The floor.
Casting: Magic Dart (safe; 0% risk of failure)
Confirm with . or Enter, or press ? or * to list all spells.
You conjure a globe of magical energy.
The worker ant bites you but does no damage.
Your spellforged servitor casts a spell at the worker ant.
The iron shot misses the worker ant.
The iron shot hits you!!
You die...

#.. ##.§°°§#§%###/###.$...
#.^.###.....≈≈.##^### .#≈
.>.........≈≈...^..## ##
........#≈≈≈≈.......# .##≈
.........^#8≈≈##..(.......
............#.....##......
...................#≈.....
..##.....%.a......<†≈≈#^.
^ #........@.......#≈≈≈...
#.≈≈....*^........≈≈≈..$
###^..#....≈#.....≈≈..!.
####≈....≈....#≈≈#....
##≈..#..≈#..##### ...
#≈≈≈.≈...#### ..
##≈≈≈≈....# ##≈≈≈...##
#≈≈≈..##


You could see a worker ant, a friendly spellforged servitor and a friendly
battlesphere.

Vanquished Creatures
  Gastronok (D:9)
  An emperor scorpion (Spider:2)
  Snorg (Lair:3)
  2 hydras (Lair:4)
  Erolcha (D:9)
  Harold (D:7)
  Erica (D:9)
  3 death yaks
  Sonja (D:10)
  A swamp dragon (Lair:6)
  6 wolf spiders
  An oklob plant (Lair:6)
  12 orb spiders
  2 ugly things
  An elephant (D:10)
  2 black mambas (Lair:6)
  Psyche (D:8)
  A torpor snail (Spider:2)
  11 spiny frogs
  4 rime drakes
  2 komodo dragons
  3 demonic crawlers
  2 trolls
  5 polar bears
  2 hornets (Spider:2)
  5 blink frogs
  16 jumping spiders
  7 hippogriffs
  2 dream sheep (Lair:6)
  5 tarantellas
  A wyvern (D:9)
  21 redbacks
  12 yaks
  4 basilisks
  2 steam dragons
  Menkaure (D:7)
  A hungry ghost (D:10)
  10 water moccasins
  2 acid dragons (Lair:6)
  A swamp drake (Lair:6)
  2 orc warriors
  5 porcupines
  9 ice beasts
  A sky beast (D:5)
  6 ogres
  An eye of draining (D:10)
  8 black bears
  A phantom (D:9)
  7 wolves (Lair:3)
  9 crocodiles
  2 centaurs (D:5)
  2 big kobolds
  A gnoll sergeant (D:6)
  11 bullfrogs
  A water moccasin zombie (D:8)
  3 scorpions
  8 killer bees
  4 electric eels
  2 howler monkeys
  2 crimson imps
  A centaur zombie (D:8)
  7 hounds
  2 bullfrog zombies
  2 bullfrog skeletons (D:10)
  5 jellies
  3 orc priests (D:4)
  6 orc wizards
  A gnoll shaman (D:4)
  6 iguanas
  11 worker ants
  Natasha (thrice) (D:3)
  2 killer bee zombies
  Terence (D:2)
  2 worker ant zombies
  Robin (D:2)
  9 gnolls
  A howler monkey skeleton (D:10)
  15 adders
  3 shadow imps
  12 white imps (Lair:2)
  2 oozes
  An adder skeleton (D:7)
  3 worms
  2 dart slugs
  12 leopard geckos
  29 orcs
  2 ball pythons
  3 giant cockroaches
  11 goblins
  15 hobgoblins
  14 jackals
  12 kobolds
  2 quokkas
  11 bats
  6 frilled lizards
  A leopard gecko skeleton (D:4)
  11 rats
  3 plants (Lair:6)
476 creatures vanquished.

Vanquished Creatures (collateral kills)
  Rupert (Lair:4)
  An emperor scorpion (Spider:1)
  An entropy weaver (Spider:3)
  A fire dragon (Lair:6)
  A hydra (Lair:6)
  3 death yaks (Lair:6)
  Nergalle (Lair:3)
  3 orb spiders
  6 wolf spiders
  An ugly thing (IceCv)
  A moth of wrath (Spider:3)
  An ice statue (IceCv)
  A black mamba (Lair:5)
  A torpor snail (Lair:6)
  4 komodo dragons
  2 rime drakes (Lair:6)
  3 spiny frogs
  2 demonic crawlers
  8 jumping spiders
  2 hornets
  7 blink frogs
  12 dream sheep
  A hippogriff (Lair:4)
  8 redbacks
  5 tarantellas
  13 yaks
  3 vampire mosquitoes (Lair:2)
  2 basilisks
  A soldier ant (Spider:3)
  An acid dragon (Lair:6)
  3 water moccasins
  A phantom (D:7)
  5 wolves (Lair:3)
  6 crocodiles (Lair:6)
  A bullfrog (Lair:4)
  A crimson imp (D:6)
  2 iguanas
  A worker ant (Spider:3)
  2 worms (Lair:2)
  2 orcs (D:7)
  A giant cockroach (Lair:2)
  4 fungi
  A plant (Lair:6)
127 creatures vanquished.

Vanquished Creatures (others)
  A jumping spider (Spider:3)
  A gnoll (D:4)
  A fungus (Lair:6)
  7 plants
10 creatures vanquished.

Grand Total: 613 creatures vanquished

Notes
Turn   | Place    | Note
-------+----------+-------------------------------------------
     0 | D:1      | Exodus22XD the Deep Elf Wizard began the quest for the Orb.
     0 | D:1      | Reached XP level 1. HP: 10/10 MP: 7/7
   350 | D:1      | Reached XP level 2. HP: 15/15 MP: 5/9
   619 | D:1      | Reached XP level 3. HP: 19/19 MP: 3/10
  1121 | D:2      | Found a sacrificial altar of Ru.
  1133 | D:2      | Found a blossoming altar of Fedhas.
  1163 | D:2      | Reached XP level 4. HP: 4/24 MP: 0/12
  1372 | D:2      | Learned a level 2 spell: Call Imp
  1375 | D:2      | Learned a level 2 spell: Blink
  1379 | D:2      | Learned a level 3 spell: Conjure Flame
  1383 | D:2      | Learned a level 3 spell: Mephitic Cloud
  1512 | D:2      | Noticed Robin
  1922 | D:2      | Noticed Terence
  1936 | D:2      | Killed Terence
  1936 | D:2      | Reached XP level 5. HP: 28/28 MP: 6/13
  2284 | D:2      | Killed Robin
  2322 | D:3      | Noticed Natasha
  2335 | D:3      | Killed Natasha
  2809 | D:3      | Noticed Natasha
  2818 | D:3      | Killed Natasha
  2818 | D:3      | Reached skill level 1 in Fire Magic
  3077 | D:3      | Noticed Natasha
  3082 | D:3      | Killed Natasha
  3082 | D:3      | Reached XP level 6. HP: 32/32 MP: 14/14
  3517 | D:4      | Found Abocs's Weapon Shop.
  3530 | D:4      | Found a glowing golden altar of the Shining One.
  3932 | D:4      | Reached skill level 5 in Fire Magic
  3932 | D:4      | Reached XP level 7. HP: 25/36 MP: 3/15
  4036 | D:4      | Found a hide-covered altar of Uskayaw.
  4609 | D:4      | Found a shadowy altar of Dithmenos.
  4853 | D:5      | Entered Level 5 of the Dungeon
  4922 | D:5      | Reached skill level 5 in Conjurations
  5097 | D:5      | Found a white marble altar of Elyvilon.
  5189 | D:5      | Reached XP level 8. HP: 41/41 MP: 13/16
  6329 | D:5      | Found an iron altar of Okawaru.
  7151 | D:6      | Reached skill level 10 in Conjurations
  7151 | D:6      | Reached XP level 9. HP: 22/45 MP: 5/17
  8004 | D:6      | Found a staircase to the Ecumenical Temple.
  8010 | Temple   | Entered the Ecumenical Temple
  8018 | Temple   | Became a worshipper of Vehumet
  8381 | D:7      | You fall through a shaft!
  8381 | D:8      | Found an opulent altar of Gozag.
  8381 | D:8      | Found a sparkling altar of Nemelex Xobeh.
  8490 | D:7      | Reached skill level 5 in Spellcasting
  8628 | D:7      | Noticed Harold
  8646 | D:7      | Killed Harold
  8646 | D:7      | Reached skill level 8 in Spellcasting
  8830 | D:7      | Reached skill level 9 in Spellcasting
  8834 | D:7      | Noticed Menkaure
  8851 | D:7      | Killed Menkaure
  8851 | D:7      | Reached XP level 10. HP: 42/50 MP: 4/25
  9150 | D:7      | Reached * piety under Vehumet
  9150 | D:7      | Offered knowledge of Sandblast by Vehumet.
  9340 | D:8      | Learned a level 5 spell: Iskenderun's Battlesphere
  9531 | D:8      | Noticed Psyche
  9535 | D:8      | Killed Psyche
  9712 | D:8      | Reached skill level 5 in Charms
 10184 | D:9      | Noticed Erolcha
 10193 | D:9      | Killed Erolcha
 10193 | D:9      | Reached ** piety under Vehumet
 10193 | D:9      | Offered knowledge of Freeze by Vehumet.
 10274 | D:9      | Noticed Erica
 10285 | D:9      | Killed Erica
 10289 | D:9      | Noticed Gastronok
 10440 | D:9      | Killed Gastronok
 10440 | D:9      | Reached XP level 11. HP: 54/54 MP: 8/26
 11033 | D:10     | Entered Level 10 of the Dungeon
 11033 | D:10     | Found a staircase to the Orcish Mines.
 11069 | D:10     | Reached skill level 10 in Spellcasting
 11135 | D:10     | Offered knowledge of Throw Flame by Vehumet.
 11420 | D:10     | Noticed a green ugly thing
 11424 | D:10     | Killed a green ugly thing
 11457 | D:10     | Noticed Sonja
 11459 | D:10     | Killed Sonja
 11475 | D:10     | Noticed a death yak
 11479 | D:10     | Reached *** piety under Vehumet
 11491 | D:10     | Killed a death yak
 11605 | D:10     | Found a staircase to the Lair.
 11714 | D:10     | Got a faintly glowing copper ring
 11716 | D:10     | Identified the ring of Beauty {Ice rPois MR+} (You found it
                  | on level 10 of the Dungeon)
 11987 | Lair:1   | Entered Level 1 of the Lair of Beasts
 12009 | Lair:1   | Offered knowledge of Inner Flame by Vehumet.
 12132 | Lair:1   | Reached skill level 10 in Summonings
 12482 | Lair:2   | Got a pair of faintly humming gloves
 12488 | Lair:2   | Identified the +1 pair of gloves of Trumpets {MR++ Int-3}
                  | (You found it on level 2 of the Lair of Beasts)
 12704 | Lair:2   | Reached XP level 12. HP: 59/59 MP: 27/28
 12710 | Lair:2   | Reached **** piety under Vehumet
 12742 | Lair:2   | Offered knowledge of Ignite Poison by Vehumet.
 12775 | Lair:2   | Found a frozen archway.
 12887 | IceCv    | Entered an ice cave
 12929 | IceCv    | Found a transporter.
 13083 | IceCv    | Learned a level 7 spell: Spellforged Servitor
 13090 | IceCv    | Learned a level 6 spell: Iron Shot
 13096 | IceCv    | Reached skill level 15 in Conjurations
 13105 | IceCv    | Found a transporter.
 13465 | Lair:2   | Found a staircase to the Swamp.
 13530 | Lair:2   | Found a hole to the Spider Nest.
 13689 | Lair:2   | Found a transporter.
 13703 | Lair:2   | Found a transporter.
 13707 | Lair:2   | Noticed OrcJesus's ghost (journeyman DsFi)
 13718 | Lair:2   | Reached ***** piety under Vehumet
 13718 | Lair:2   | Offered knowledge of Yara's Violent Unravelling by Vehumet.
 14151 | Lair:3   | Found a runed translucent gate.
 14151 | Lair:3   | Found a runed translucent gate.
 14151 | Lair:3   | Found a runed translucent gate.
 14185 | Lair:3   | Noticed Nergalle
 14191 | Lair:3   | Killed Nergalle
 14489 | Lair:3   | Learned a level 6 spell: Freezing Cloud
 14532 | Lair:3   | Noticed Snorg
 14537 | Lair:3   | Killed Snorg
 14785 | Lair:3   | Noticed an ice dragon
 14859 | Lair:4   | Noticed a five-headed hydra
 14864 | Lair:4   | Killed a five-headed hydra
 14926 | Lair:4   | Noticed Rupert
 14935 | Lair:4   | Killed Rupert
 14935 | Lair:4   | Reached skill level 5 in Air Magic
 15022 | Lair:4   | Noticed a five-headed hydra
 15034 | Lair:4   | Killed a five-headed hydra
 15034 | Lair:4   | Reached XP level 13. HP: 60/63 MP: 14/29
 15450 | Lair:4   | Reached skill level 11 in Spellcasting
 15617 | Lair:5   | Found a staircase to the Slime Pits.
 16118 | Lair:5   | Reached skill level 12 in Spellcasting
 16151 | Lair:6   | Entered Level 6 of the Lair of Beasts
 16333 | Lair:6   | Reached skill level 13 in Spellcasting
 16606 | Lair:6   | Offered knowledge of Fireball by Vehumet.
 16608 | Lair:6   | Noticed a fire dragon
 16612 | Lair:6   | Killed a fire dragon
 16766 | Lair:6   | Reached skill level 14 in Spellcasting
 16904 | Lair:6   | Learned a level 5 spell: Fireball
 16941 | Lair:6   | Reached skill level 15 in Spellcasting
 17499 | Lair:6   | Reached skill level 16 in Spellcasting
 17810 | Spider:1 | Entered Level 1 of the Spider Nest
 17826 | Spider:1 | You fall through a shaft!
 17965 | Spider:2 | Reached XP level 14. HP: 65/68 MP: 24/36
 18189 | Spider:2 | Reached skill level 17 in Spellcasting
 18227 | Spider:2 | Noticed an emperor scorpion
 18235 | Spider:2 | Killed an emperor scorpion
 18784 | Spider:2 | Learned a level 4 spell: Summon Lightning Spire
 19469 | Spider:2 | Reached skill level 18 in Spellcasting
 19506 | Spider:1 | Found the ring of Robustness {AC+8}
 20488 | Spider:1 | Noticed an emperor scorpion
 20498 | Spider:1 | Killed an emperor scorpion
 20498 | Spider:1 | Reached skill level 19 in Spellcasting
 20805 | Spider:1 | Got a pair of translucent boots
 20816 | Spider:1 | Identified the cursed -4 pair of boots "Taxoasofa" {rF+
                  | Dex+6} (You found it on level 1 of the Spider Nest)
 21011 | Spider:3 | Noticed Arachne
 21016 | Spider:3 | Noticed an entropy weaver
 21038 | Spider:2 | Offered knowledge of Bolt of Draining by Vehumet.
 21356 | Spider:3 | Noticed an entropy weaver
 21361 | Spider:3 | Killed an entropy weaver
 21552 | Spider:3 | Reached skill level 20 in Spellcasting
 21571 | Spider:3 | Killed from afar by a spellforged servitor

Skill      XL: |  1  2  3  4  5  6  7  8  9 10 11 12 13 14 |
---------------+-------------------------------------------+-----
Conjurations   | 2 3 4 6 10 11 13 14 16 | 16.5
Summonings     | 3 4 6 10 | 10.0
Fire Magic     | 2 5 6 |  6.9
Spellcasting   | 9 10 16 20 | 20.0
Charms         | 6 |  6.1
Air Magic      | 6 |  6.4
Axes           | |  0.1
Dodging        | |  2.4
Stealth        | |  2.4
Translocations | |  1.1

Action                   |  1- 3 |  4- 6 |  7- 9 | 10-12 | 13-15 || total
-------------------------+-------+-------+-------+-------+-------++-------
Melee: Hand axe          |     2 |     6 |     3 |       |     1 ||    12
       Unarmed           |       |       |       |       |     1 ||     1
 Cast: Magic Dart        |    87 |   167 |   300 |   446 |   298 ||  1298
       Conjure Flame     |       |    12 |    39 |    19 |     4 ||    74
       Call Imp          |       |     4 |     9 |       |       ||    13
       Mephitic Cloud    |       |     7 |    20 |     9 |       ||    36
       Blink             |       |     1 |     4 |     5 |    13 ||    23
       Iskenderun's Batt |       |       |       |    77 |    65 ||   142
       Spellforged Servi |       |       |       |    12 |    32 ||    44
       Iron Shot         |       |       |       |     2 |    31 ||    33
       Fireball          |       |       |       |       |    11 ||    11
       Freezing Cloud    |       |       |       |       |    11 ||    11
       Summon Lightning  |       |       |       |       |     4 ||     4
Evoke: Wand              |       |       |     1 |    18 |    16 ||    35
  Use: Potion            |       |     2 |     2 |     4 |    10 ||    18
       Scroll            |       |     5 |     3 |    15 |    19 ||    42
  Eat: Chunk             |       |    10 |    15 |    25 |    26 ||    76
       Ration            |       |       |       |     2 |     2 ||     4
Armor: Robe              |     3 |     5 |       |     9 |    57 ||    74
       Animal skin       |       |     6 |    26 |    21 |       ||    53
       Leather armour    |       |       |       |     1 |       ||     1
Dodge: Dodged            |    14 |    34 |    52 |    47 |    77 ||   224
